 Dungeon Crawl Stone Soup version 0.31-a0-1338-gb567cfdca4 (webtiles) character file.

Game seed: 2070767510013462066

8 Sabo the Trooper (level 2, 24/24 HPs)
             Began as a Demonspawn Monk on Dec 21, 2023.
             Was an Initiate of Ashenzari.
             Got out of the dungeon alive.
             The game lasted 00:04:54 (959 turns).

Sabo the Trooper (Demonspawn Monk)                   Turns: 959, Time: 00:04:54

Health: 24/24      AC:  2    Str: 11    XL:     2   Next: 0%
Magic:  2/2        EV: 13    Int: 10    God:    Ashenzari [......]
Gold:   35         SH:  0    Dex: 15    Spells: 1/1 levels left

rFire   . . .        a - +0 hand axe
rCold   . . .        d - orb "I Foresaw This" {light, Fort, Melee} (curse)
rNeg    . . .        b - +0 robe
rPois   .            (no helmet)
rElec   .            (no cloak)
rCorr   .            (no gloves)
SInv    .            (no boots)
Will    .....        (no amulet)
Stlth   +            (no ring)
HPRegen 0.24/turn    (no ring)
MPRegen 0.08/turn

%: no passive effects
@: glowing
A: demonic magic 1
a: Renounce Religion, Curse Item, Shatter the Chains


You escaped.
You worshipped Ashenzari.
Ashenzari was noncommittal.
You visited 1 branch of the dungeon, and saw 1 of its levels.

You collected 35 gold pieces.

Inventory:

Hand Weapons
 a - a +0 hand axe (weapon)
Armour
 b - a +0 robe (worn)
 d - the cursed orb "I Foresaw This" (worn) {light, Fort, Melee}

   It has a curse which improves the following skills: Fortitude: Armour and
   Shields.
   Melee Combat: Short Blades, Long Blades, Axes, Maces & Flails, Polearms,
   Staves and Unarmed Combat.
Scrolls
 f - a scroll of identify {unknown}
 h - a scroll of blinking {unknown}
 i - a scroll of immolation {unknown}
Potions
 c - a potion of ambrosia
 e - a potion of curing {unknown}
 g - a potion of enlightenment {unknown}


   Skills:
 + Level 3.1 Fighting
 + Level 3.0(3.3) Axes
 + Level 2.8 Dodging


You had one spell level left.
You didn't know any spells.
Your spell library was empty.

Dungeon Overview and Level Annotations

Branches:
Dungeon (1/15)

Altars:
Ashenzari

Shops:
D:1 :


Innate Abilities, Weirdness & Mutations

Spells you cast may paralyse adjacent enemies.


Message History

Found a faded altar of an unknown god.
There is a faded altar of an unknown god here.
This altar belongs to (a) Ashenzari, (b) Fedhas or (c) Kikubaaqudgha, but you can't tell which.
Press the corresponding letter to learn more about a god, or press enter to convert or escape to cancel.
Okay, then.
There is a fountain of clear blue water here.
You open the door.
A rat comes into view.
The rat squeaks loudly.
Found 10 gold pieces.
Found Womaibex's Book Shop.
There is an open door here.
The rat misses you.
You hit the rat but do no damage. The rat misses you.
You hit the rat.
You kill the rat!
You have reached level 2!
Your demonic ancestry asserts itself...
A menacing aura infuses your magic.
You see here a rat corpse.
Found a scroll labelled DOIRPH TA YVAEF.
You now have 35 gold pieces (gained 10).
i - a scroll labelled DOIRPH TA YVAEF
There is an open door here.
There is a fountain of clear blue water here.
There is a faded altar of an unknown god here.
This altar belongs to (a) Ashenzari, (b) Fedhas or (c) Kikubaaqudgha, but you can't tell which.
Press the corresponding letter to learn more about a god, or press enter to convert or escape to cancel.
Ashenzari accepts your prayer! Ashenzari welcomes you!
Ashenzari invites you to partake of a vision and a curse of fortitude and melee combat.
Ashenzari warns you of distant threats and treasures.
Ashenzari shows you where magical portals lie.
There is a fountain of clear blue water here.
Your orb of light glows black for a moment.
Ashenzari invites you to partake of a vision and a curse of ranged combat and beguiling.
There is an open door here.
There is an open door here.
There is an open door here.
There is an open door here.
There is an open door here.
There is an open door here.
There is a staircase leading out of the dungeon here.
You have escaped!

#.# .♣ #...#..#.## .#
#.# ♣. ###...##.# .#
#.# ## ######.##
..#####.### #...
..........# #######
#.#######.#######
##.#####
≈≈≈≈≈≈≈≈.≈≈≈≈≈≈≈
##.......
##≈####≈≈≈.≈≈≈####
##.#.#.###
..≈#∩.####'####.@#
##.##.##.##
#.≈#..'.......+..#
#.###.....#
#.≈##'####'####'##
##.##.##...
..≈≈#.#.......#.#
##.#.#.###
#.≈≈#.#...8...#.#
##...####
#.≈≈#.+.#####.'.# ###
##......
#.≈≈#.#...8...#.#≈≈..#
#.#####
#.≈≈#.#.......#.#≈≈#.#
#.#
##≈##'####'####'##≈#.#
#.#


There were no monsters in sight!

Vanquished Creatures
  A dart slug (D:1)
  A bat (D:1)
  A giant cockroach (D:1)
  3 kobolds (D:1)
  2 rats (D:1)
8 creatures vanquished.

Notes
Turn   | Place    | Note
-------+----------+-------------------------------------------
     0 | D:1      | Sabo the Demonspawn Monk began the quest for the Orb.
     0 | D:1      | Reached XP level 1. HP: 18/18 MP: 1/1
   714 | D:1      | Found a faded altar of an unknown god.
   763 | D:1      | Found Womaibex's Book Shop.
   769 | D:1      | Gained mutation: Spells you cast may paralyse adjacent
                  | enemies. [demonic ancestry]
   769 | D:1      | Reached XP level 2. HP: 24/24 MP: 2/2
   845 | D:1      | Prayed at the altar of an unknown god.
   845 | D:1      | Became a worshipper of Ashenzari the Shackled
   959 | D:$      | Got out of the dungeon alive.

Illustrated notes

Levels and vault maps discovered:
D:1:      heliophobic_arrival_glass_houses, layout_loops_corners, serial_shops,
          nicolae_book_shop_shelving, shapermc_ecumenical_altar_totnotflames

Skill      XL: |  1 |
---------------+----+-----
Axes           | 3 |  3.0
Fighting       | |  3.1
Dodging        | |  2.8

Action                     || total
---------------------------++-------
  Melee: Hand axe          ||    22
 Invoke: Curse Item        ||     1
 Armour: Robe              ||    11
  Dodge: Dodged            ||    21

Table legend: (Time is in decaauts)
 A = Elapsed time spent in this place.
 B = Non-inter-level travel time spent in this place.
 C = Inter-level travel time spent in this place.
 D = Time resting spent in this place.
 E = Time spent auto-exploring this place.
 F = Levels seen in this place.
 G = Mean time per level.
                   A        B        C        D        E       F      G
               +--------+--------+--------+--------+--------+-----+--------+
         Total |    962 |    962 |      0 |    120 |      0 |   1 |  962.0 |
       Dungeon |    962 |    962 |      0 |    120 |      0 |   1 |  962.0 |
               +--------+--------+--------+--------+--------+-----+--------+

Top non-repeatable levels by time:
     D:1: 962 daAuts
